Map: Cerulean Fall LE

Players

DisK - Winner!

  • Race: Protoss Protoss
  • Spawn Location: 7:00

Rhizer

  • Race: Protoss Protoss
  • Spawn Location: 1:00

Event: WCS Montreal 2018

VOD

Have the link to the VOD?

Description

Time

  • Played on: Sept. 7, 2018, 4:21 p.m.
  • Length: 9:44

All games in this series

Show
View Real Time Build Order
Export as new Build Order

DisK Protoss - Winner!

Build Orders: Phoenix Opening 

Get SALT Encoding   

  12  0:01  Probe  
  13  0:13  Probe  
  14  0:18  Pylon  
  14  0:25  Probe  
  15  0:34  Probe  
  15  0:38  Gateway  
  15  0:42  Probe  
  16  0:47  Assimilator  
  17  0:52  Probe  
  17  0:56  Assimilator  
  18  1:00  Probe  
  19  1:08  Probe  
  19  1:09  Gateway  
  20  1:19  Probe  
  21  1:26  Cybernetics Core  
  21  1:31  Probe  
  22  1:37  Pylon  
  22  1:43  Probe  
  23  1:53  Warp Gate  
  23  2:02  Adept x2  
  23  2:04  Pylon  
  27  2:16  Stargate  
  27  2:27  Pylon  
  27  2:31  Stalker  
  27  2:32  Stalker  
  31  2:58  Phoenix  
  33  3:12  Nexus  
  33  3:14  Phoenix  
  33  3:22  Probe  
  36  3:36  Probe  
  35  3:41  Phoenix  
  37  3:48  Probe  
  38  3:59  Pylon  
  38  4:00  Probe  
  38  4:02  Robotics Facility  
  39  4:09  Phoenix  
  41  4:22  Stalker  
  43  4:28  Stalker  
  43  4:30  Probe  
  46  4:34  Probe  
  46  4:35  Phoenix  
  47  4:44  Probe  
  50  4:48  Probe  
  45  5:16  Phoenix  
  45  5:18  Probe x2  
  41  5:29  Pylon, Probe  
  41  5:30  Immortal, Probe  
  41  5:31  Forge  
  41  5:33  Adept  
  41  5:34  Adept  
  51  5:37  Probe  
  51  5:42  Probe  
  53  5:45  Probe  
  54  5:52  Twilight Council  
  54  5:54  Probe  
  54  5:56  Stalker  
  54  5:57  Probe  
  57  6:03  Stalker  
  56  6:20  Protoss Ground Weapons Level 1  
  56  6:23  Pylon  
  56  6:28  Shield Battery  
  56  6:29  Assimilator  
  56  6:30  Gateway x2, Assimilator  
  56  6:31  Probe x2  
  58  6:38  Shield Battery  
  58  6:39  Stalker  
  60  6:43  Probe  
  60  6:44  Stalker  
  63  6:50  Pylon  
  63  6:53  Blink  
  57  6:54  Probe x2  
  55  7:02  Probe  
  55  7:04  Stalker  
  58  7:12  Probe  
  58  7:13  Probe  
  58  7:14  Stalker  
  58  7:25  Probe x2  
  60  7:32  Stalker  
  60  7:37  Probe x2  
  64  7:38  Gateway  
  64  7:43  Gateway  
  64  7:50  Stalker  
  66  8:02  Probe x2  
  64  8:09  Stalker x3  
  70  8:14  Probe  
  70  8:16  Warp Prism  
  71  8:24  Stalker  
  69  8:32  Stalker  
  71  8:35  Stalker  
  71  8:39  Pylon  
  73  8:46  Stalker  
  74  8:48  Stalker  
  74  8:52  Observer  
  74  8:54  Stalker  
  79  8:59  Stalker  
  67  9:24  Stalker x2  
  67  9:25  Stalker x3  
Show
View Real Time Build Order
Export as new Build Order

Rhizer Protoss 

Build Orders: Phoenix Opening, Mass Phoenix 

Get SALT Encoding   

  12  0:00  Probe  
  13  0:12  Probe  
  14  0:18  Pylon  
  14  0:24  Probe  
  15  0:32  Probe  
  15  0:38  Gateway  
  15  0:40  Probe  
  16  0:47  Assimilator  
  17  0:51  Probe  
  17  0:56  Assimilator  
  18  1:01  Probe  
  19  1:09  Probe  
  19  1:10  Gateway  
  19  1:17  Probe  
  21  1:28  Cybernetics Core  
  21  1:30  Probe  
  22  1:38  Pylon  
  22  1:42  Probe  
  23  1:55  Warp Gate  
  23  1:56  Probe  
  24  2:05  Stalker, Sentry  
  28  2:09  Probe  
  29  2:18  Pylon  
  29  2:21  Probe  
  30  2:29  Stargate  
  29  2:39  Stalker  
  31  2:47  Stalker  
  33  3:00  Shield Battery  
  33  3:05  Phoenix  
  35  3:20  Nexus  
  35  3:25  Shield Battery  
  34  3:36  Phoenix  
  34  3:39  Probe  
  37  3:45  Pylon  
  37  3:57  Phoenix, Probe  
  38  4:07  Assimilator  
  38  4:09  Probe  
  41  4:12  Stargate  
  41  4:21  Probe  
  42  4:28  Phoenix  
  44  4:33  Probe x2  
  46  4:45  Probe  
  47  4:50  Assimilator  
  47  4:51  Probe  
  48  4:53  Phoenix  
  50  5:01  Stalker  
  50  5:05  Stalker  
  50  5:13  Phoenix  
  41  5:20  Probe  
  41  5:21  Probe  
  41  5:33  Probe x2  
  41  5:34  Phoenix  
  45  5:45  Probe x2  
  45  5:49  Phoenix  
  50  5:57  Probe  
  50  6:04  Phoenix  
  51  6:16  Probe  
  45  6:23  Robotics Facility  
  45  6:25  Probe  
  45  6:28  Probe  
  47  6:33  Probe  
  47  6:37  Probe  
  48  6:42  Sentry  
  48  6:44  Probe  
  52  6:58  Probe x2  
  54  7:05  Forge  
  54  7:10  Probe x2  
  54  7:16  Observer  
  54  7:17  Protoss Ground Weapons Level 1  
  53  7:22  Probe  
  53  7:24  Probe  
  53  7:29  Sentry  
  57  7:34  Pylon  
  57  7:35  Immortal  
  58  7:44  Pylon  
  62  7:46  Pylon  
  61  8:02  Probe x2  
  60  8:06  Immortal  
  56  8:14  Probe  
  61  8:23  Probe  
  61  8:26  Probe  
  59  8:30  Sentry  
  59  8:31  Twilight Council, Probe  
  61  8:35  Immortal  
  61  8:38  Probe  
  61  8:39  Probe  
  68  8:51  Probe  
  69  8:57  Gateway  
  69  8:58  Gateway  
  69  9:06  Stalker x2  
  55  9:31  Stalker  
  55  9:32  Stalker  
Tags
 
Add a new tag
Caveats
  • Supply blocks, unpowered buildings, or Contaminate may cause inaccurate times.
  • Supply counts are checked every 10 seconds.